 Dungeon Crawl Stone Soup version 0.28-a0-1356-g2ad6d04315 (webtiles) character file.

Game seed: 12078880755013666063

186 Teslajakalope the Skirmisher (level 5, -2/47 HPs)
             Began as a Minotaur Fighter on Dec 30, 2021.
             Slain by Pikel (7 damage)
             ... on level 3 of the Dungeon.
             The game lasted 00:08:59 (2690 turns).

Teslajakalope the Skirmisher (Minotaur Fighter)     Turns: 2690, Time: 00:09:00

Health: -2/47      AC:  8    Str: 22    XL:     5   Next: 38%
Magic:  4/4        EV:  9    Int:  5    God:
Gold:   97         SH:  4    Dex: 10    Spells: 4/4 levels left

rFire   . . .      SeeInvis .   a - +0 war axe
rCold   . . .      Faith    .   c - +0 buckler
rNeg    . . .      Spirit   .   b - +0 scale mail
rPois   .          Reflect  .   (helmet restricted)
rElec   .          Harm     .   (no cloak)
rCorr   .          Rampage  .   (no gloves)
Will    .....                   f - +0 pair of boots
Stlth   ..........              (no amulet)
HPRegen 0.15/turn               (no ring)
MPRegen 0.09/turn               (no ring)

@: no status effects
A: horns 2, retaliatory headbutt
a: no special abilities


You were on level 3 of the Dungeon.
You visited 1 branch of the dungeon, and saw 4 of its levels.

You collected 97 gold pieces.

Inventory:

Hand Weapons
 a - a +0 war axe (weapon)
Missiles
 m - 68 stones (quivered)
Armour
 b - a +0 scale mail (worn)
 c - a +0 buckler (worn)
 f - a +0 pair of boots (worn)
Scrolls
 d - a scroll of magic mapping {unknown}
 e - a scroll of brand weapon {unknown}
 h - a scroll of enchant weapon {unknown}
 i - a scroll of enchant armour {unknown}
 k - a scroll of torment {unknown}
 l - 3 scrolls of identify {unknown}
 p - a scroll of fear {unknown}
 q - a scroll of blinking {unknown}
 s - a scroll of summoning {unknown}
Potions
 g - 3 potions of haste {unknown}
 j - a potion of curing {unknown}
 n - a potion of attraction {unknown}
 o - a potion of invisibility {unknown}
 r - a potion of heal wounds {unknown}


   Skills:
 + Level 4.9 Fighting
 + Level 3.9 Axes
 + Level 4.9 Armour
 + Level 4.8 Shields


You had 4 spell levels left.
You didn't know any spells.
Your spell library contained the following spells:

 Spells                   Type           Power      Damage    Failure   Level
 Frozen Ramparts          Ice            0%         1d2       98%         3
 Ice Form                 Ice/Tmut       0%         N/A       100%        4
 Summon Ice Beast         Ice/Summ       0%         N/A       100%        4


Dungeon Overview and Level Annotations

Branches:
Dungeon (4/15)
 Temple: D:4-7

Altars:
Elyvilon
The Shining One

Shops:
D:2 (

Annotations:
D:3 Pikel
D:4 Dowan


Innate Abilities, Weirdness & Mutations

You have a pair of horns on your head.
You reflexively headbutt those who attack you in melee.


Message History

You hit the lemure but do no damage. You barely miss the lemure.
The lemure hits you. The lemure hits you but does no damage.
Pikel hits you but does no damage. You block the lemure's attack.
You barely miss Pikel.
Pikel is moderately wounded.
You closely miss the lemure. You hit the lemure. x2
The lemure closely misses you. You furiously retaliate!
You headbutt the lemure! Pikel hits you but does no damage.
You are electrocuted!
You block the lemure's attack. The lemure closely misses you.
The lemure hits you. You block Pikel's attack.
You hit Pikel.
Pikel is moderately wounded.
You hit the lemure but do no damage. You slash the lemure!
You closely miss the lemure. The lemure hits you. x2
* * * LOW HITPOINT WARNING * * *
The lemure hits you but does no damage.
Pikel hits you with a +1 whip of electrocution.
* * * LOW HITPOINT WARNING * * *
The lemure hits you but does no damage.
You can't go down here!
The lemure closely misses you. You furiously retaliate!
You headbutt the lemure. The lemure closely misses you.
Pikel hits you with a +1 whip of electrocution.
* * * LOW HITPOINT WARNING * * *
The lemure hits you but does no damage.
You climb upwards.
There is a stone staircase leading down here.
You hit Pikel. You headbutt Pikel.
Pikel is heavily wounded.
You hit the lemure but do no damage. x2; You hit the lemure.
The lemure barely misses you. The lemure hits you but does no damage.
Pikel closely misses you. You furiously retaliate!
You headbutt Pikel, but do no damage. The lemure hits you.
* * * LOW HITPOINT WARNING * * *
You slash Pikel! Your headbutt misses Pikel.
Pikel is severely wounded.
You miss the lemure. You closely miss the lemure. x2
The lemure barely misses you. The lemure hits you but does no damage.
Pikel hits you with a +1 whip of electrocution!
You die...

.'..≈.......≈).#.# #####......
.#..≈≈≈≈≈≈≈≈≈..#.# #......
.#.............#.### #......
##....#...+........### #......
#...)#...###........# #......
##........'........#.# #......
..........###.#..#...# #......
#.........# #.#55#.### #......
..####....# #.#K@#.# #......
######....# #.##5#.# #######
..........###.##.#.#
############)))..#.#
######....##...###.#
..........##..)###.#######
..........##.............#
<........................#####
.........#####...............####


You could see Pikel and 3 lemures.

Vanquished Creatures
  An ogre (D:2)
  An adder (D:3)
  An adder skeleton (D:4)
  A worm (D:2)
  3 dart slugs
  10 orcs (D:3)
  8 ball pythons
  9 endoplasms
  2 giant cockroaches
  7 goblins
  4 hobgoblins
  2 jackals (D:1)
  2 kobolds
  A quokka (D:1)
  10 bats
  A frilled lizard (D:1)
  6 rats
69 creatures vanquished.

Notes
Turn   | Place    | Note
-------+----------+-------------------------------------------
     0 | D:1      | Teslajakalope the Minotaur Fighter began the quest for the
                  | Orb.
     0 | D:1      | Reached XP level 1. HP: 19/19 MP: 0/0
   265 | D:1      | Reached XP level 2. HP: 27/27 MP: 1/1
   474 | D:1      | Found a faded altar of an unknown god.
   750 | D:1      | Reached XP level 3. HP: 33/33 MP: 2/2
  1219 | D:2      | Found Cuelun's Weapon Emporium.
  1284 | D:2      | Noticed an ogre
  1302 | D:2      | Killed an ogre
  1303 | D:2      | Reached XP level 4. HP: 37/41 MP: 3/3
  1427 | D:2      | Reached XP level 5. HP: 47/47 MP: 4/4
  1579 | D:2      | Identified the +5 scale mail of the Past {-Tele Regen+
                  | rCorr}
  1816 | D:3      | Found a glowing golden altar of the Shining One.
  1822 | D:3      | Found a white marble altar of Elyvilon.
  2602 | D:4      | Noticed Dowan
  2667 | D:4      | Noticed Pikel
  2667 | D:4      | Noticed a lemure
  2668 | D:4      | Noticed a lemure
  2668 | D:4      | Noticed a lemure
  2668 | D:4      | Noticed a lemure
  2690 | D:3      | Slain by Pikel

Illustrated notes

Levels and vault maps discovered:
D:1:      dpeg_arrival_erosion, layout_basic,
          dreamdust_ecumenical_altar_hidden_monk_grotto, nrook_mini_backslash,
          chequers_serial_rivers_small_b, minivault_27
D:2:      layout_rooms, serial_shops, nicolae_shop_waterfront, nrook_campfire,
          grunt_ministairs_4
D:3:      layout_basic, lemuel_tele_altar, mainiacjoe_overflow_brackets
D:4:      layout_cave_pods, general_overflow_altar, uniq_pikel, uniq_duvessa,
          uniq_eustachio

Skill      XL: |  1  2  3 |
---------------+----------+-----
Fighting       | 4 |  4.9
Armour         | 4 |  4.9
Shields        | 4 |  4.8
Axes           | 3 |  3.9

Action                   |  1- 3 |  4- 6 || total
-------------------------+-------+-------++-------
Melee: War axe           |    73 |    47 ||   120
       Headbutt          |     6 |    14 ||    20
Throw: Stone             |     8 |     4 ||    12
  Use: Potion            |     1 |       ||     1
Armor: Scale mail        |    35 |    32 ||    67
Dodge: Dodged            |    37 |    36 ||    73
Block: Buckler           |    18 |    14 ||    32

Table legend: (Time is in decaauts)
 A = Elapsed time spent in this place.
 B = Non-inter-level travel time spent in this place.
 C = Inter-level travel time spent in this place.
 D = Time resting spent in this place.
 E = Time spent auto-exploring this place.
 F = Levels seen in this place.
 G = Mean time per level.
                   A        B        C        D        E       F      G
               +--------+--------+--------+--------+--------+-----+--------+
         Total |   2734 |   2613 |    121 |    255 |   1356 |   4 |  683.5 |
       Dungeon |   2734 |   2613 |    121 |    255 |   1356 |   4 |  683.5 |
               +--------+--------+--------+--------+--------+-----+--------+

Top non-repeatable levels by time:
     D:1: 1129 daAuts
     D:3: 965 daAuts
     D:2: 590 daAuts
     D:4: 49 daAuts
